[Event "5th Sharjah Masters 2022"]
[Site "Sharjah"]
[Date "2022.05.26"]
[Round "6.27"]
[White "Nikolov, Momchil"]
[Black "Mastrovasilis, Dimitrios"]
[Result "1/2-1/2"]
[ECO "D46"]
[WhiteElo "2454"]
[BlackElo "2613"]
[Annotator "TA"]
[PlyCount "109"]
[EventDate "2022.05.21"]
[EventType "swiss"]
[EventCountry "UAE"]
[SourceTitle "playchess.com"]
[Source "ChessBase"]
[SourceQuality "1"]
[TimeControl "5400+30"]

1. d4 d5 2. c4 c6 3. Nc3 Nf6 4. e3 e6 5. Nf3 Nbd7 6. Qc2 Bd6 7. Bd3 O-O 8. O-O dxc4 9. Bxc4 b5 10. Be2 Bb7 11. Rd1 {[%emt 0:01:22] 11.e4 is more fashionable.} Qc7 12. Bd2 (12. e4 $5 e5 13. g3 $11) 12... a6 {[%emt 0:02:58] D46: Semi-Slav: 5 e3 Nbd7 6 Bd3, Black avoids the Meran.} 13. b4 {[%emt 0:03:47] Prevents c5.} e5 14. a3 Rae8 15. Bd3 {[%emt 0:04:37] [#]} h6 $146 ({Predecessor:} 15... g6 16. h3 Re7 17. Ng5 exd4 18. exd4 Rfe8 19. Rac1 Bh2+ 20. Kh1 Bf4 21. Nf3 Qd6 {1-0 (40) Maiorov,N (2512)-Filipenko,A (2245) Kazan 2018}) 16. Re1 exd4 17. exd4 Nb6 18. h3 Bc8 19. Ne4 Nxe4 20. Bxe4 Nc4 21. Bc3 Be6 22. Ne5 Bd5 $1 23. Nxc4 bxc4 24. Re2 Re7 25. Rae1 Rfe8 26. Bf5 g6 27. Bg4 h5 28. Rxe7 Rxe7 29. Be2 Qd8 30. Bf1 (30. Qa2 $11 {keeps the balance.}) 30... Rxe1 31. Bxe1 Qg5 (31... Qe7 $15 32. Bd2 Qe6) 32. Bd2 $11 Qf6 33. Bxc4 {[%emt 0:01:47] And now Be3 would win.} Qxd4 34. Bxd5 Qxd5 {[%emt 0:00:18][%mdl 4096] Endgame KQB-KQB} 35. h4 Qd4 36. g3 Bxg3 37. Be3 Qg4 38. Qxc6 Bxh4+ 39. Kf1 Qd1+ 40. Kg2 Qg4+ 41. Kf1 Qd1+ 42. Kg2 {[%emt 0:00:03] The position is equal.} Kg7 43. Qxa6 Qg4+ 44. Kf1 Qd1+ 45. Kg2 Qg4+ 46. Kf1 Bf6 47. Bh6+ Kxh6 48. Qxf6 {[%emt 0:00:06] KQ-KQ} Qh3+ 49. Kg1 {[%emt 0:00:18] [#] Qh8+ is the strong threat.} Qxa3 50. b5 {[%emt 0:02:56][%cal Bb4b5,Bb5b6][%mdl 32] Strongly threatening Qh8+.} Qc1+ 51. Kg2 {[%emt 0:00:22] aiming for Qh8+.} Qc7 52. b6 Qb7+ 53. f3 Kh7 {[%emt 0:00:49] Prevents Qh8+.} 54. Qd8 {[%emt 0:00:45] [#] Threatens to win with Qc7.} Qa6 55. Qc7 {[%emt 0:00:57] Weighted Error Value: White=0.05 (flawless) /Black=0.06 (flawless)} 1/2-1/2

[Event "5th Sharjah Masters 2022"]
[Site "Sharjah"]
[Date "2022.05.26"]
[Round "6.28"]
[White "Adly, Ahmed"]
[Black "Buksa, Nataliya"]
[Result "1-0"]
[ECO "A04"]
[WhiteElo "2596"]
[BlackElo "2406"]
[Annotator "TA"]
[PlyCount "127"]
[EventDate "2022.05.21"]
[EventType "swiss"]
[EventCountry "UAE"]
[SourceTitle "playchess.com"]
[Source "ChessBase"]
[SourceQuality "1"]
[TimeControl "5400+30"]

1. Nf3 c5 2. g3 Nc6 3. Bg2 e5 4. O-O g6 5. e4 Bg7 6. c3 Nge7 7. a3 a5 {[%emt 0:01:58] A04: Unusual lines after 1 Nf3 and King's Indian Attack.} 8. a4 O-O 9. d3 d5 {[%emt 0:08:28] The position is equal.} 10. exd5 Nxd5 11. Qb3 Nde7 12. Be3 b6 13. Na3 Be6 (13... Qxd3 14. Qxb6 Rd8 15. Qxc5 $16) 14. Qc2 h6 15. Rad1 {[%emt 0:00:48][%cal Od3d4] [#]} Rc8 $146 ({Predecessor:} 15... Ra7 16. Rfe1 Rd7 17. h3 Qb8 18. Bc1 Rfd8 19. Nc4 Bf5 20. Bf1 g5 21. Ne3 Be6 {0-1 (38) Movsesian,S (2659)-Salem,A (2586) Doha 2014}) 16. Bc1 Qc7 17. Nd2 Rfd8 18. Ndc4 Nd5 19. Nb5 (19. Rde1 $5 ) 19... Qb8 20. Qe2 (20. Rde1 $16) 20... Rd7 $1 $11 21. f4 Re8 (21... exf4 $11 22. Rxf4 (22. gxf4 Re8 $11) 22... g5) 22. Rde1 $16 h5 (22... f6 $16) 23. fxe5 $18 Bg4 24. Qf2 Nxe5 (24... Be6 $142 25. d4 (25. Nbd6 Rf8 $16) 25... cxd4) 25. Bxd5 Rxd5 26. Nxe5 Rdxe5 27. Bf4 $1 $40 {[%emt 0:00:07][%mdl 128] Black is in trouble.} (27. Qxf7+ $6 Kh7 28. Bf4 Rxe1 $14) 27... Rxe1 (27... Rf8 $142) 28. Bxb8 Rxf1+ 29. Qxf1 Rxb8 {[%emt 0:00:03] [#]} 30. Nd6 $1 Be6 31. Qf3 {[%emt 0:00:02] Threatens to win with Qc6.} Rd8 32. Qc6 Bf8 33. Ne4 Rxd3 34. Qxb6 Bh6 (34... Bf5 {was worth a try.}) 35. Qb8+ ({Inferior is} 35. Nxc5 Rd1+ 36. Kf2 Rd2+ 37. Ke1 Bc4 $11) 35... Kh7 36. Nf6+ Kg7 {[%emt 0:00:03] [#] ...Be3+ is the strong threat. Loses the game.} 37. Qe5 ({But not} 37. Ne4 $6 Be3+ 38. Kg2 Rd5 $16) 37... Rf3 $2 (37... Rd1+ {keeps fighting.} 38. Kf2 Rd2+ 39. Ke1 Rxb2 40. Ng4+ Kh7 41. Nxh6 Kxh6) 38. Nxh5+ Kh7 39. Nf6+ Kh8 40. Ng4+ Bg7 41. Qe4 Rf5 42. Qa8+ Kh7 43. Qxa5 c4 44. Qd8 Rf3 45. Qh4+ Kg8 46. Nh6+ Bxh6 47. Qxh6 {[%emt 0:00:03][%mdl 4096] Endgame KQ-KRB} Rd3 48. Qf4 Rd5 49. Qb8+ Kh7 50. Qb6 g5 51. h4 Rd1+ 52. Kf2 g4 53. a5 Rd2+ 54. Ke1 Rg2 55. a6 {[%emt 0:01:10] aiming for Qd4.} Rxg3 56. a7 Bd5 57. Qc5 Bh1 58. Qf5+ Kg8 59. Qc8+ (59. a8=Q+ $142 Bxa8 60. Qc8+ Kg7 61. Qxa8 Re3+ 62. Kf2 Rh3 63. Qd5 Rf3+ 64. Kg2) 59... Kg7 60. a8=Q Bxa8 61. Qxa8 {[%emt 0:01:21] Hoping for Qe4.} Rh3 62. Qd5 g3 63. Kf1 (63. Qg2 $142 Rxh4 64. Qxg3+ Kf6 65. Qxh4+ Ke5 66. Qxc4 f6 67. b4 f5 68. b5) 63... f6 64. Qd7+ {[%emt 0:00:05] Weighted Error Value: White=0.18 (very precise) /Black=0.28 (precise)} 1-0

[Event "5th Sharjah Masters 2022"]
[Site "Sharjah"]
[Date "2022.05.26"]
[Round "6.29"]
[White "Haznedaroglu, Kivanc"]
[Black "Kuybokarov, Temur"]
[Result "0-1"]
[ECO "E60"]
[WhiteElo "2425"]
[BlackElo "2582"]
[Annotator "TA"]
[PlyCount "138"]
[EventDate "2022.05.21"]
[EventType "swiss"]
[EventCountry "UAE"]
[SourceTitle "playchess.com"]
[Source "ChessBase"]
[SourceQuality "1"]
[TimeControl "5400+30"]

1. d4 Nf6 2. c4 g6 3. h4 c5 4. d5 Bg7 5. Nc3 d6 6. e4 {[%emt 0:00:19] E60: King's Indian: Unusual lines and Fianchetto Variation without Nc3.} e6 7. Be2 exd5 8. exd5 {[%emt 0:00:03] White has an edge.} Nbd7 $5 {[%emt 0:00:00][%mdl 4] A promising side line.} 9. h5 Nxh5 10. Bxh5 gxh5 {[%emt 0:00:00] [#]} 11. Nf3 $146 ({Predecessor:} 11. Qe2+ Qe7 12. Bg5 Bxc3+ 13. bxc3 f6 14. Bf4 Qxe2+ 15. Nxe2 Ke7 16. Rxh5 Nb6 17. f3 {½-½ (30) Fernandez,D (2492)-Kuybokarov,T (2587) Canberra 2022}) 11... Qe7+ 12. Kf1 Bxc3 13. bxc3 f6 14. Rxh5 Nb6 15. Rh4 {[%emt 0:02:34] Prevents Bg4.} Bf5 {[%emt 0:00:00] Prevents Qd3.} 16. a4 (16. Bf4 $11 {deserves consideration.}) 16... O-O-O $15 17. a5 Nd7 18. a6 b6 19. Qa4 {[%emt 0:00:42] Threatening mate with Qc6+.} Nf8 ({But not} 19... Ne5 20. Nxe5 dxe5 21. Ra2 $11) 20. Be3 Ng6 21. Rh6 Bd3+ 22. Kg1 Qd7 23. Nd2 Qxa4 24. Rxa4 Rde8 25. Rh3 h5 26. Ra1 Be2 $1 27. Re1 {[%emt 0:01:56] [#]} Bg4 28. Rh1 Nf4 29. f3 Nd3 {[%emt 0:00:00][%cal Bf4d3,Bd3e5,Be5g6][%mdl 32] Black is more active.} 30. Re2 Bf5 31. Rh4 Ne5 32. Re1 {[%emt 0:08:15] [#]} Ng6 33. Rh1 Bd3 34. g3 f5 (34... Kd7 $17) 35. Kf2 $11 h4 36. Bg5 hxg3+ 37. Kxg3 Rxh1 38. Rxh1 Re2 39. f4 $2 {[%emt 0:06:01] White does not recover from this.} Rxd2 $19 40. Rh6 {[%emt 0:00:01] [#]} Bxc4 $1 41. Rxg6 Rxd5 {[%emt 0:00:58][%mdl 4096] Endgame KRB-KRB} ({Don't blunder} 41... Bxa6 $2 42. Rg8+ Kc7 43. Rg7+ Kb8 44. Rg8+ Bc8 45. c4 $19) 42. Rg8+ Kc7 43. Rg7+ Kc6 44. Bf6 Bxa6 ({Not} 44... Rd3+ $2 45. Kf2 $19) 45. Rxa7 Bb7 46. Kf2 Rd3 47. Ke2 Rh3 48. Ra1 (48. Kd2 $142) 48... b5 49. Rg1 $2 (49. Bg7) 49... Kd5 {[%emt 0:01:27] And now ...Kc4 would win.} 50. Kd2 Kc4 51. Rg7 (51. Rb1 $142) 51... Be4 {[%emt 0:00:38] Hoping for ...Rh2+.} 52. Rd7 Rd3+ 53. Ke2 Rxc3 54. Rxd6 Rh3 55. Rd8 b4 56. Rc8 Rh2+ 57. Ke3 b3 58. Rb8 Bc2 (58... Rg2 $142 59. Be5 Bc6) 59. Rd8 {[%emt 0:01:44] [#]} Bd3 $1 60. Rb8 Re2+ 61. Kf3 Re4 {[%emt 0:00:18] Black is clearly winning.} 62. Be5 Be2+ 63. Kf2 Bg4 64. Rb6 Bh5 {[%emt 0:00:22] Threatens to win with ...Re2+.} 65. Kg3 Be8 66. Kf3 Bb5 67. Bf6 Kb4 {[%emt 0:00:21] aiming for ...c4.} 68. Rb8 c4 {[%emt 0:00:07] ...Re6 is the strong threat.} 69. Rc8 Re6 {[%emt 0:00:15] Weighted Error Value: White=0.69/Black=0.14 (very precise)} 0-1

[Event "5th Sharjah Masters 2022"]
[Site "Sharjah"]
[Date "2022.05.26"]
[Round "6.30"]
[White "Msellek, Ilyass"]
[Black "Sankalp Gupta"]
[Result "0-1"]
[ECO "C64"]
[WhiteElo "2411"]
[BlackElo "2505"]
[Annotator "TA"]
[PlyCount "74"]
[EventDate "2022.05.21"]
[EventType "swiss"]
[EventCountry "UAE"]
[SourceTitle "playchess.com"]
[Source "ChessBase"]
[SourceQuality "1"]
[TimeControl "5400+30"]

1. e4 e5 2. Nf3 Nc6 3. Bb5 a6 4. Ba4 Bc5 5. c3 Nge7 6. O-O Ba7 {[%emt 0:00:12] C64: Ruy Lopez: Classical Defence (3...Bc5) except 4 0-0 Nf6.} 7. d4 Ng6 8. Bg5 f6 {[%emt 0:00:02] White is slightly better.} 9. Be3 O-O 10. Nbd2 exd4 11. Nxd4 Nce7 12. Qh5 {[%emt 0:00:00] [#]} d5 $5 $146 {[%emt 0:17:38][%mdl 8] New and interesting.} ({Predecessor:} 12... c5 13. Nf5 Nxf5 14. exf5 Ne5 15. f4 Nd3 16. Qe2 Nxb2 17. Bb3+ d5 18. Rab1 Re8 {0-1 (39) Lei,T (2505)-Stefanova,A (2470) Chess.com INT 2021}) 13. Bb3 c6 14. Rad1 Ne5 15. h3 Kh8 16. f4 (16. Bc2 $16) 16... Nd3 $11 17. Qe2 Nxb2 18. Rb1 c5 {[%emt 0:02:54] Hoping for ...Nc4.} 19. N4f3 (19. Nc2 $11 {keeps the balance.}) 19... dxe4 $17 20. Nxe4 Qd3 $1 ({Much weaker is} 20... Bf5 21. Bc2 Na4 22. Rxb7 Bxe4 23. Bxe4 Nxc3 24. Qc4 Nxe4 25. Qxe4 $11) 21. Qxd3 Nxd3 22. Bc4 $2 {[%emt 0:00:00] Now White is beyond hope.} (22. Nd6 $17 Nf5 23. Nxf5 Bxf5 24. Bd5) 22... Nf5 $19 23. Bd2 {[%emt 0:02:02] [#]} b5 $1 24. Bxd3 {[%emt 0:00:30] Strongly threatening Kh2.} c4+ {[%emt 0:00:01][%mdl 64] Discovered Attack} 25. Kh2 cxd3 26. Rfe1 Bb7 {[%emt 0:02:47] Threatens to win with ...Rfe8.} 27. Ng3 Nd6 28. Be3 $2 (28. Rbd1) 28... Bxf3 {[%emt 0:03:17] Black is clearly winning.} 29. Bxa7 Rxa7 30. gxf3 Nc4 {[%emt 0:00:25] ...Nd2 is the strong threat.} 31. Rbd1 {[%emt 0:03:03] Against Nd2} Rd7 32. Re4 Rfd8 33. Nf5 (33. Nf1 $142 d2 34. Kg3) 33... d2 {[%emt 0:02:18] aiming for ...Rd3.} 34. Nd4 f5 35. Re2 b4 36. Nc6 {[%emt 0:00:29] [#]} bxc3 $1 {[%emt 0:00:11] ( -> ...c2)} 37. Nxd8 Rxd8 {[%emt 0:00:04] Weighted Error Value: White=0.79/Black=0.04 (flawless)} 0-1

[Event "5th Sharjah Masters 2022"]
[Site "Sharjah"]
[Date "2022.05.26"]
[Round "6.31"]
[White "Davtyan, Artur"]
[Black "Aziz, Husain"]
[Result "1-0"]
[ECO "D35"]
[WhiteElo "2488"]
[BlackElo "2379"]
[Annotator "TA"]
[PlyCount "61"]
[EventDate "2022.05.21"]
[EventType "swiss"]
[EventCountry "UAE"]
[SourceTitle "playchess.com"]
[Source "ChessBase"]
[SourceQuality "1"]
[TimeControl "5400+30"]

1. d4 d5 2. c4 e6 3. Nc3 Nf6 4. cxd5 exd5 5. Bg5 c6 6. Qc2 Bd6 7. e3 O-O 8. Bd3 h6 9. Bh4 Re8 10. Nf3 Be6 {[%emt 0:00:44] D35: Queen's Gambit Declined: Exchange Variation.} 11. O-O Nbd7 {[%emt 0:00:29] [#] Against Ne5} 12. Kh1 $146 ({Predecessor:} 12. Rab1 a5 13. a3 Qb8 14. Rfc1 Ng4 15. Bg3 Bxg3 16. hxg3 Ndf6 17. b4 axb4 18. axb4 Qd6 {½-½ (86) Aronian,L (2782)-Ding,L (2799) chess24.com INT 2021}) 12... Qb8 {[%emt 0:03:48] The position is equal.} 13. Rae1 a5 14. Nd2 Bxh2 15. g3 {[%emt 0:11:03] And now Bxf6 would win.} Ng4 16. e4 g5 $1 17. exd5 Bxd5+ (17... gxh4 $2 18. dxe6 Kh8 19. Be2 (19. exd7 Rxe1 20. d8=Q+ Qxd8 $11) 19... Rxe6 20. Bxg4 $18) (17... cxd5 18. Bf5 $1 $16) 18. Nxd5 {[%emt 0:01:41] Strongly threatening Rxe8+.} Rxe1 (18... cxd5 19. Be2 Ndf6 20. Qf5 $1 Rxe2 21. Rxe2 gxh4 22. f3 $16) 19. Rxe1 {[%emt 0:03:44][%cal Bf1e1,Be1e7,Be7f7][%mdl 32] Chess con chili.} gxh4 (19... Nxf2+ 20. Kxh2 cxd5 21. Bxg5 $1 (21. Bh7+ Kg7 $16) 21... Nxd3 22. Qxd3 $14) (19... cxd5 $11 20. Bf5 Nxf2+ 21. Kxh2 gxh4) 20. Bh7+ $2 {[%emt 0:05:28] [#]} (20. Ne7+ $1 $16 {is forced if you want to stay better.} Kf8 21. Nf5 hxg3 22. Bc4) 20... Kh8 ({Better is} 20... Kf8 $1 $17 21. Nf1 (21. Qf5 Nxf2+ 22. Qxf2 Bxg3 $17) 21... hxg3) 21. Qf5 $11 Nxf2+ 22. Qxf2 Bxg3 {[%emt 0:00:03] [#]} (22... hxg3 $11 {remains equal.} 23. Qf3 (23. Qxf7 g2+ 24. Kxg2 Qg3+ 25. Kf1 Qh3+ 26. Ke2 Rf8 $15) 23... cxd5) 23. Qxf7 $1 $16 {[%emt 0:00:40][%cal Od5e7] Threatening mate with Ne7! 0x0.001a2c250e0ddp-1022s more active pieces.} Qf8 (23... Bxe1 {[#] gets mated.} 24. Ne7 $1 Qg3 25. Ng6+) 24. Re7 {[%emt 0:00:13][%cal Of7g6] Qg6! is the strong threat.} ({Not} 24. Qxd7 Bxe1 25. Be4 Qg7 $11) 24... Qxf7 25. Rxf7 {[%emt 0:00:02] Hoping for Ne7.} Nf8 $2 {[%emt 0:00:08] A mistake that costs the game.} (25... Rf8 $16 26. Rxd7 cxd5) 26. Nf6 $18 h3 (26... Ne6 $142 27. Nde4 Rf8) 27. Nf3 {[%emt 0:02:02] White threatens Bf5 and mate.} Rd8 28. Bf5 {[%emt 0:01:01] Ne5 would kill now.} h2 29. Ne5 {[%emt 0:00:23] White mates.} Rxd4 30. Ng6+ Nxg6 31. Rh7# {[%emt 0:00:02] Weighted Error Value: White=0.23 (precise) /Black=0.73} 1-0

[Event "5th Sharjah Masters 2022"]
[Site "Sharjah"]
[Date "2022.05.26"]
[Round "6.32"]
[White "Erdogdu, Mert"]
[Black "Gunina, Valentina"]
[Result "1-0"]
[ECO "D11"]
[WhiteElo "2407"]
[BlackElo "2471"]
[Annotator "TA"]
[PlyCount "103"]
[EventDate "2022.05.21"]
[EventType "swiss"]
[EventCountry "UAE"]
[SourceTitle "playchess.com"]
[Source "ChessBase"]
[SourceQuality "1"]
[TimeControl "5400+30"]

1. d4 d5 2. c4 c6 3. Nf3 Nf6 4. Qc2 dxc4 5. e4 b5 6. b3 {[%emt 0:00:13] D11: Slav Defence: 3 Nf3 sidelines and 3...Nf6 4 e3 Bg4.} cxb3 7. axb3 e6 8. Bd2 {[%emt 0:00:27] The position is equal.} a5 {[%emt 0:00:30] 8...Bb7 is more advanced technology.} 9. Bd3 Bb7 10. O-O Be7 11. Rc1 h6 12. Nc3 Na6 13. e5 Nb4 14. exf6 Nxc2 15. fxe7 {[%emt 0:00:05] [#]} Kxe7 16. Rxc2 $16 {[%emt 0:02:27] [#]} g5 $146 ({Better is} 16... Rf8 $14) ({Predecessor:} 16... c5 17. Nxb5 Bxf3 18. gxf3 cxd4 19. Rc7+ Kf6 20. Rac1 a4 21. bxa4 Rxa4 22. Bf4 g5 {1-0 (31) Wirig,A (2489)-Van der Stricht,G (2393) Charleroi 2010}) 17. h3 ({White should play} 17. Ne4) 17... Rg8 18. Ne4 {[%emt 0:14:28][%cal Bc3e4,Be4g3,Bg3h5][%mdl 32] Threatens to win with Nc5.} g4 $2 (18... c5 $1 $14) 19. hxg4 $18 Rxg4 20. Bxh6 $2 (20. Nc5 $18) 20... f6 (20... a4 $14 21. bxa4 c5 22. Bg5+ Rxg5 23. Nexg5 Rxa4) 21. Rc5 {[%emt 0:05:31][%cal Oe4f6][%mdl 1024] Black must now prevent Nxf6! White has strong compensation.} Qh8 22. Bd2 {[%emt 0:07:35] 0x0.002158316108dp-1022s more active pieces. This bishop pair is nice.} (22. Rh5 Rg6 23. Nc5 Rxh6 $17) 22... Rag8 ({Weaker is} 22... Qh3 23. Ng3 Rxg3 24. fxg3 Qxg3 25. Rf1 $16 (25. Rxa5 Rg8 $16)) (22... Qg8 $16 {was called for.}) 23. Ng3 {[%emt 0:01:50] Dancing on a razor blade.} f5 (23... Rxg3 $16 24. fxg3 Rxg3) 24. Re1 (24. Rxa5 Rxg3 25. fxg3 Rxg3 $16) 24... f4 (24... Kd6 25. Rce5 Bc8 26. Bxa5 Bd7) 25. Bf5 Bc8 26. Bxg4 Rxg4 27. Nh5 Bd7 28. Nxf4 Rg7 29. Rce5 Kd6 30. Ng5 Qh4 31. Nfxe6 Bxe6 32. Rxe6+ Kd7 33. R6e4 Qh5 34. Re5 {[%emt 0:00:46] Hoping for Ne6.} Qg4 35. Be3 Rg8 36. d5 {[%emt 0:00:44][%cal Bd4d5,Bd5c6][%mdl 32] aiming for dxc6+.} Qb4 37. dxc6+ Kc7 38. Rc1 Rh8 39. Ne6+ Kc8 40. Nd4 Qd6 41. Rxb5 Qh2+ 42. Kf1 Re8 43. Rc4 Qh1+ 44. Ke2 {[%emt 0:00:04] Threatening mate with c7.} Kc7 45. Rb7+ {[%emt 0:00:11] White mates.} Kc8 46. Nf5 Qh5+ 47. g4 Qg6 48. Ne7+ Rxe7 49. Rxe7 a4 50. bxa4 Qg8 51. Ree4 Kc7 52. a5 {[%emt 0:00:06] Weighted Error Value: White=0.22 (precise) /Black=0.58} 1-0

[Event "5th Sharjah Masters 2022"]
[Site "Sharjah"]
[Date "2022.05.26"]
[Round "6.33"]
[White "Mastrovasilis, Athanasios"]
[Black "Assaubayeva, Bibisara"]
[Result "1-0"]
[ECO "A49"]
[WhiteElo "2540"]
[BlackElo "2439"]
[Annotator "TA"]
[PlyCount "107"]
[EventDate "2022.05.21"]
[EventType "swiss"]
[EventCountry "UAE"]
[SourceTitle "playchess.com"]
[Source "ChessBase"]
[SourceQuality "1"]
[TimeControl "5400+30"]

1. d4 Nf6 2. Nf3 g6 3. g3 Bg7 4. Bg2 O-O 5. O-O d6 6. b3 b5 {[%emt 0:05:46] A49: 1 d4 Nf6 2 Nf3 g6 3 g3: Anti-King's Indian systems.} 7. Nbd2 Bb7 8. c4 a6 {[%emt 0:02:41] The position is equal.} 9. Bb2 Nbd7 10. Qc2 c5 11. d5 $1 {[%emt 0:02:16] [#]} bxc4 $146 ({Predecessor:} 11... Ne8 12. Bxg7 Nxg7 13. Qd3 Qc7 14. Ne4 Rfb8 15. Nc3 bxc4 16. bxc4 Bc8 17. Rfb1 Qa5 {½-½ (44) Fridman,D (2652)-Socko,B (2628) Germany 2011}) 12. bxc4 Qc7 13. e4 Rfe8 14. Rab1 Rab8 15. Rfe1 e5 16. Bc3 Ba8 17. Qa4 Qa7 18. Bh3 Nb6 19. Qc2 Bb7 20. Rb3 Bc8 21. Bxc8 Rexc8 22. Reb1 {[%emt 0:07:03][%cal Of3e5] aiming for Nxe5!} Nbd7 23. Ba5 Bf8 24. Kg2 Be7 25. Ne1 Bd8 26. Bc3 Nb6 27. Nd3 Qe7 28. f3 Qe8 29. Ra3 Ra8 30. Ba5 Rcb8 31. Rbb3 h5 32. h4 Kh7 33. Nf2 Bc7 34. Nh3 Qd8 35. Ng5+ Kg8 36. Bc3 Qc8 37. Qd3 {[%emt 0:00:53] Black is on the road to losing.} Nh7 38. Nh3 f6 (38... Qd7 $142) 39. Nf1 $16 Nd7 40. Ne3 {[%emt 0:00:25] White is more active.} a5 41. Rxb8 Nxb8 42. Rb3 a4 43. Rb5 Nd7 44. Qb1 Qa6 (44... Qd8 $16 45. f4 Nb6) 45. g4 $18 (45. Rb7 $6 Ra7 46. Rb5 Kh8 $16) 45... hxg4 46. fxg4 (46. Nxg4 $6 Rb8 $16) 46... Kf7 47. Kh2 ({Don't do} 47. Rb7 $6 Ra7 48. Rxa7 Qxa7 $16) 47... Rh8 $2 {[%emt 0:00:27] [#]} (47... Ke7 48. h5 (48. Rb7 Bb6 $11) 48... Rg8 49. hxg6 Rxg6 50. Nf5+ (50. Rb7 Kd8 $16) 50... Kd8) 48. Rb7 Rb8 49. Rxb8 Nxb8 50. h5 Nf8 $2 (50... g5 51. Ng1 Nd7) 51. Qf1 {[%emt 0:00:00] Hoping for hxg6+. White is clearly winning.} Ba5 52. hxg6+ Nxg6 {[%emt 0:00:02] [#]} 53. Qf5 $1 {[%emt 0:00:00] And now Ng5+ would win.} Bxc3 (53... Ke7 54. Bxa5) 54. Qe6+ {[%emt 0:00:00] Weighted Error Value: White=0.07 (flawless) /Black=0.28 (precise)} 1-0

[Event "5th Sharjah Masters 2022"]
[Site "Sharjah"]
[Date "2022.05.26"]
[Round "6.34"]
[White "Suleymanli, Aydin"]
[Black "Hesham, Abdelrahman"]
[Result "1-0"]
[ECO "E71"]
[WhiteElo "2537"]
[BlackElo "2412"]
[Annotator "TA"]
[PlyCount "97"]
[EventDate "2022.05.21"]
[EventType "swiss"]
[EventCountry "UAE"]
[SourceTitle "playchess.com"]
[Source "ChessBase"]
[SourceQuality "1"]
[TimeControl "5400+30"]

1. d4 Nf6 2. c4 g6 3. Nc3 Bg7 4. e4 d6 5. h3 Nbd7 6. Be3 {[%emt 0:00:33] E71: King's Indian: 4 e4 d6 5 h3.} e5 7. d5 h5 8. Bd3 {[%emt 0:03:17] White is slightly better.} Bh6 9. Bxh6 Rxh6 10. Qd2 Rh8 {[%emt 0:00:02] [#]} 11. g3 $146 ({Predecessor:} 11. O-O-O h4 12. Qe3 Kf8 13. Nf3 Kg7 14. g3 hxg3 15. fxg3 Nc5 16. Bf1 c6 17. Rh2 cxd5 18. exd5 {0-1 (33) Jacobson,B (2491)-Theodorou,N (2554) Dulles 2021}) 11... a5 12. Nf3 Nc5 13. Bc2 Nfd7 14. Qe3 Qe7 15. Nd2 h4 16. O-O-O Nb6 17. g4 Bd7 (17... g5 $11) 18. f4 $14 exf4 19. Qxf4 g5 20. Qf2 f6 21. Rhf1 Rh6 22. b3 O-O-O 23. Nf3 Kb8 24. Qd2 Rhh8 25. Rde1 Nc8 {[%emt 0:01:17] [#]} (25... a4 $142) 26. Nd1 (26. Nb5 $142 $1) 26... b6 $16 27. a3 Qg7 (27... Rdf8 $16) 28. Qc3 Ne7 29. b4 Nb7 30. Nd4 Rhf8 31. Ne3 {[%emt 0:01:23] 0x0.001de6dccca8dp-1022s more active pieces.} Ng6 $2 (31... Rde8 $16 32. Nef5 Qf7) 32. Nc6+ $18 Kc8 33. Na7+ (33. e5 $142 fxe5 34. Bxg6 (34. Nxd8 Rxd8 35. Bxg6 Qxg6 $18) 34... Bxc6 35. dxc6 Qxg6 36. cxb7+ Kxb7 37. bxa5) 33... Kb8 {[%emt 0:00:01] [#]} 34. Nc6+ (34. Nf5 $1 Bxf5 35. exf5) 34... Kc8 $1 35. Nxd8 (35. e5 $142 fxe5 36. Bxg6 (36. Nxd8 Rxd8 37. Bxg6 Qxg6 $18) 36... Bxc6 37. dxc6 Qxg6 38. cxb7+ Kxb7 39. bxa5) 35... Kxd8 36. Rf2 Ne5 37. Nd1 Ke7 38. Nb2 axb4 39. axb4 {[%emt 0:00:16][%cal Ba3b4,Bb4c5,Bc5c6][%mdl 32] Hoping for Ref1.} Nd8 (39... Ra8 $142 40. Ref1 Nd8 41. Rxf6 Qxf6 42. Rxf6 Kxf6) 40. c5 bxc5 41. bxc5 Ndf7 42. c6 Bc8 (42... Bxg4 $142 43. hxg4 Qh8) 43. Qa5 Kd8 44. Re3 Ng6 45. Rb3 Nfe5 46. Rb8 {[%emt 0:00:24][%cal Ob8c8] White threatens Rxc8+! and mate.} Ne7 {[%emt 0:00:06] [#]} 47. Rf5 $1 Rh8 {[%emt 0:01:53] [#]} (47... Rg8 48. Qa7) 48. Kb1 $1 Nxg4 {[%emt 0:00:30] [#]} (48... Qf8 49. Ba4) 49. Nc4 $1 {[%emt 0:00:17] Weighted Error Value: White=0.28 (precise) /Black=0.45} 1-0